 Dungeon Crawl Stone Soup version 0.28-a0-46-g7b1be97da7 (webtiles) character file.

Game seed: 17474588623220241119

10358 MirrMurr the Thrower (level 11, -2/86 HPs)
             Began as a Gnoll Hunter on July 29, 2021.
             Was an Elder of Okawaru.
             Succumbed to a cane toad's poison
             ... on level 11 of the Dungeon.
             The game lasted 00:31:59 (13800 turns).

MirrMurr the Thrower (Gnoll Hunter)                Turns: 13800, Time: 00:32:00

Health: -2/86      AC: 16    Str: 17    XL:     11   Next: 60%
Magic:  19/20      EV: 16    Int: 23    God:    Okawaru [****..]
Gold:   1192       SH: 12    Dex: 14    Spells: 17/22 levels left

rFire   . . .      SeeInvis +   a - +4 trident
rCold   + . .      Faith    .   J - +0 kite shield of Restlessness {Rampage Int+4 SInv}
rNeg    . . .      Spirit   .   q - +1 ring mail of Amytowelur {Str+3 Int+2}
rPois   +          Reflect  .   F - +1 helmet {Int+3}
rElec   .          Harm     .   u - +1 cloak
rCorr   .          Rampage  +   x - +0 pair of gloves {archery}
Will    .....                   O - +0 pair of boots
Stlth   ++++......              l - amulet of regeneration
HPRegen 1.24/turn               U - ring of Divine Compulsion {rPois rC+ Str+2 Dex+2}
MPRegen 0.17/turn               C - +4 ring of slaying

@: lethally poisoned (-2 -> -19), heroic
A: fangs 1, strong nose, distributed training
a: Renounce Religion, Heroism


You were on level 11 of the Dungeon.
You worshipped Okawaru.
Okawaru was greatly pleased with you.
You visited 3 branches of the dungeon, and saw 13 of its levels.
You also visited: Bailey.

You collected 1192 gold pieces.

Inventory:

Hand Weapons
 a - a +4 trident (weapon)
 b - a +3 vorpal hunting sling
 w - a +0 dagger of venom
Missiles
 c - 6 javelins
 d - 8 throwing nets
 f - 158 stones (quivered)
 n - 45 poisoned darts
 D - 7 silver javelins
 H - a curare-tipped dart
 Q - 77 sling bullets
Armour
 q - the +1 ring mail of Amytowelur (worn) {Str+3 Int+2}
   (You found it on level 11 of the Dungeon)

   Str:       It affects your strength (+3).
   Int:       It affects your intelligence (+2).
 u - a +1 cloak (worn)
 x - a +0 pair of gloves of archery (worn)
 F - a +1 helmet of intelligence (worn)
 J - the +0 kite shield of Restlessness (worn) {Rampage Int+4 SInv}
   (You found it on level 8 of the Dungeon)

   Int:       It affects your intelligence (+4).
   SInv:      It lets you see invisible.
   Rampage:   It bestows one free step when moving towards enemies.
 O - a +0 pair of boots (worn)
Jewellery
 h - an amulet of faith
 l - an amulet of regeneration (around neck)
 s - a +4 ring of protection
 y - the ring "Wumaquhu" {+Blink Str+3 SInv}
   (You found it on level 5 of the Dungeon)

   [ring of see invisible]

   Str:       It affects your strength (+3).
   SInv:      It lets you see invisible.
   +Blink:    It lets you blink.
 C - a +4 ring of slaying (right hand)
 R - a ring of willpower
 U - the ring of Divine Compulsion (left hand) {rPois rC+ Str+2 Dex+2}
   (You found it on level 11 of the Dungeon)

   [ring of protection from cold]

   Str:       It affects your strength (+2).
   Dex:       It affects your dexterity (+2).
   rC:        It protects you from cold.
   rPois:     It protects you from poison.
Wands
 t - a wand of iceblast (7)
 z - a wand of paralysis (20)
 K - a wand of acid (6)
 T - a wand of flame (12)
Scrolls
 i - 5 scrolls of teleportation
 v - 3 scrolls of fear
 A - 3 scrolls of vulnerability
 S - a scroll of immolation
Potions
 g - 2 potions of flight
 k - a potion of invisibility {unknown}
 m - 4 potions of lignification
 o - a potion of curing
 p - 2 potions of mutation {unknown}
 r - a potion of ambrosia {unknown}
 B - 3 potions of brilliance
 G - 2 potions of heal wounds {unknown}
 L - 2 potions of resistance {unknown}
 N - a potion of magic {unknown}
 P - a potion of attraction {unknown}


   Skills:
 + Level 8.0(13.0) Fighting
 + Level 6.4(11.4) Short Blades
 + Level 6.4(11.4) Long Blades
 + Level 6.4(11.4) Axes
 + Level 6.4(11.4) Maces & Flails
 + Level 6.4(11.4) Polearms
 + Level 6.4(11.4) Staves
 + Level 6.4(11.4) Slings
 + Level 6.4(11.4) Bows
 + Level 6.4(11.4) Crossbows
 + Level 10.6(15.6) Throwing
 + Level 6.4(11.4) Armour
 + Level 8.0(13.0) Dodging
 + Level 6.9(11.9) Stealth
 + Level 6.4(11.4) Shields
 + Level 6.4(11.4) Unarmed Combat
 + Level 6.4 Spellcasting
 + Level 5.3 Conjurations
 + Level 5.3 Hexes
 + Level 5.3 Summonings
 + Level 5.3 Necromancy
 + Level 5.3 Translocations
 + Level 5.3 Transmutations
 + Level 5.3 Fire Magic
 + Level 5.3 Ice Magic
 + Level 5.3 Air Magic
 + Level 5.3 Earth Magic
 + Level 5.3 Poison Magic
 + Level 7.1 Invocations
 + Level 6.4 Evocations


You had 17 spell levels left.
You knew the following spells:

 Your Spells              Type           Power      Damage    Failure   Level
b - Confusing Touch       Hex            32%        N/A       7%          3
B - Blink                 Tloc           N/A        N/A       3%          2

Your spell library contained the following spells:

 Spells                   Type           Power      Damage    Failure   Level
 Slow                     Hex            32%        N/A       3%          2
 Conjure Flame            Conj/Fire      32%        6-21      7%          3
 Ignite Poison            Fire/Tmut/Pois 32%        N/A       7%          3
 Lesser Beckoning         Tloc           16%        N/A       7%          3
 Ozocubu's Armour         Ice            32%        N/A       7%          3
 Olgreb's Toxic Radiance  Pois           32%        N/A       22%         4
 Sticky Flame             Conj/Fire      32%        2d5       22%         4
 Summon Ice Beast         Ice/Summ       32%        N/A       22%         4
 Bolt of Magma            Conj/Fire/Erth 16%        4d9       54%         5
 Manifold Assault         Tloc           32%        N/A       54%         5
 Metabolic Englaciation   Hex/Ice        16%        N/A       54%         5
 Yara's Violent Unravell  Hex/Tmut       16%        3d8       54%         5
 Simulacrum               Ice/Necr       16%        N/A       98%         6
 Ozocubu's Refrigeration  Ice            16%        4d8       100%        7
 Ignition                 Fire           16%        3d6       100%        8
 Polar Vortex             Ice            16%        N/A       100%        9


Dungeon Overview and Level Annotations

Branches:
Dungeon (11/15)            Temple (1/1) D:4            Lair (1/6) D:11
 Bailey (visited)
    Orc: D:9-12

Altars:
Ashenzari
Cheibriados
Dithmenos
Elyvilon
Fedhas
Gozag
Hepliaklqana
Kikubaaqudgha
Makhleb
Nemelex Xobeh
Okawaru
Qazlal
Ru
Sif Muna
Trog
Uskayaw
Vehumet
Wu Jian
Xom
Yredelemnul
Zin
The Shining One

Shops:
D:2 !   D:10 *

Annotations:
D:5 dig
D:6 rc+
D:9 2 transporters, 2tc's ghost, novice MfGl
D:10 4 runed translucent doors
D:11 apport, exclusion: statue


Innate Abilities, Weirdness & Mutations

You have very sharp teeth.
Your uncanny sense of smell can sniff out nearby items.
Your experience applies equally to all skills.


Message History

The black mamba barely misses you. You block the wolf's attack.
The cane toad stings you!
You are poisoned.
The cane toad poisons you! The black mamba closely misses you.
There is a staircase back to the Dungeon, spattered with blood here.
You closely miss the black mamba.
The black mamba is lightly wounded.
You feel very sick. You block the wolf's attack. The black mamba misses you.
The cane toad closely misses you.
Unknown command.
You completely miss the black mamba.
The black mamba is lightly wounded.
You feel very sick. The black mamba bites you! You block the wolf's attack.
You block the cane toad's attack.
The black mamba bites you but does no damage.
You block the wolf's attack.
You are too injured to fight recklessly!
Unknown command.
You are too injured to fight recklessly!
Unknown command.
You are too injured to fight recklessly!
You hit the black mamba.
The black mamba is lightly wounded.
You feel very sick. The black mamba misses you. You block the wolf's attack.
The cane toad stings you!
* * * LOW HITPOINT WARNING * * *
You are more poisoned.
The cane toad poisons you!
* * * LOW HITPOINT WARNING * * *
You feel extremely sick. The black mamba completely misses you.
You block the wolf's attack. The black mamba closely misses you.
The cane toad stings you!
* * * LOW HITPOINT WARNING * * *
The wolf barely misses you.
You climb upwards.
Welcome back to the Dungeon!
Level annotation: apport, exclusion: statue You die...

...# ##...##......##
...####...####.....#
#........#####.....#
##......####.....###
#......##.........##
##.....#......PP.PP#
###..........PP.PPPP#
#...........PPP.†PPP#
.....[...P.PPP.F@hPP#
.#......#PPPPPPPS†PP#
####....##PPPPPPPPP##
##...############
##....##.......#
#.....##......#
##...........##
#....######## ##..##


You could see a black mamba, a cane toad and a wolf.

Vanquished Creatures
  A centaur warrior (D:11)
  2 komodo dragons (D:11)
  A troll (D:9)
  3 blink frogs (D:11)
  A hornet (D:9)
  6 slime creatures (D:11)
  Prince Ribbit (D:5)
  A meliai zombie (D:11)
  A spriggan (D:7)
  A shadow (D:11)
  12 yaks
  An acid dragon (D:10)
  3 water moccasins
  A hornet zombie (D:9)
  3 sky beasts
  4 orc warriors
  A black bear (D:6)
  An ice beast (D:5)
  3 wolves (Lair:1)
  2 centaurs
  2 ogres
  3 kobold brigands
  A scorpion (D:7)
  9 gnoll sergeants
  A bullfrog (D:11)
  A wyvern zombie (D:5)
  A water moccasin skeleton (D:5)
  2 jellies
  4 killer bees (D:8)
  3 wights (D:7)
  3 howler monkeys
  4 centaur zombies
  4 orc priests
  3 hounds
  6 gnoll shamans (Bailey)
  An iguana (D:5)
  5 orc wizards
  17 gnolls
  9 adders
  A howler monkey skeleton (D:5)
  A white imp (D:6)
  2 adder skeletons
  3 worms
  5 dart slugs
  18 orcs
  5 bats
  3 endoplasms
  A giant cockroach (D:1)
  7 goblins
  3 hobgoblins
  16 jackals
  5 quokkas
  4 ball pythons
  3 frilled lizards
  20 kobolds
  4 rats
229 creatures vanquished.

Vanquished Creatures (others)
  A plant (D:11)
1 creature vanquished.

Grand Total: 230 creatures vanquished

Notes
Turn   | Place    | Note
-------+----------+-------------------------------------------
     0 | D:1      | MirrMurr the Gnoll Hunter began the quest for the Orb.
     0 | D:1      | Reached XP level 1. HP: 20/20 MP: 1/1
   224 | D:1      | Reached XP level 2. HP: 26/26 MP: 2/2
   717 | D:2      | Found Ruzaras's Distillery.
   951 | D:2      | Reached XP level 3. HP: 31/31 MP: 3/3
  1380 | D:2      | Found a faded altar of an unknown god.
  1387 | D:2      | Reached skill level 1 in Invocations
  1443 | D:2      | Reached skill level 1 in Short Blades
  1443 | D:2      | Reached skill level 1 in Long Blades
  1443 | D:2      | Reached skill level 1 in Axes
  1443 | D:2      | Reached skill level 1 in Maces & Flails
  1443 | D:2      | Reached skill level 1 in Polearms
  1443 | D:2      | Reached skill level 1 in Staves
  1443 | D:2      | Reached skill level 1 in Slings
  1443 | D:2      | Reached skill level 1 in Bows
  1443 | D:2      | Reached skill level 1 in Crossbows
  1443 | D:2      | Reached skill level 1 in Armour
  1443 | D:2      | Reached skill level 1 in Shields
  1443 | D:2      | Reached skill level 1 in Unarmed Combat
  1443 | D:2      | Reached skill level 1 in Spellcasting
  1443 | D:2      | Reached skill level 1 in Evocations
  1733 | D:2      | Reached XP level 4. HP: 30/38 MP: 5/5
  2533 | D:2      | Reached skill level 1 in Conjurations
  2533 | D:2      | Reached skill level 1 in Hexes
  2533 | D:2      | Reached skill level 1 in Summonings
  2533 | D:2      | Reached skill level 1 in Necromancy
  2533 | D:2      | Reached skill level 1 in Translocations
  2533 | D:2      | Reached skill level 1 in Transmutations
  2533 | D:2      | Reached skill level 1 in Fire Magic
  2533 | D:2      | Reached skill level 1 in Ice Magic
  2533 | D:2      | Reached skill level 1 in Air Magic
  2533 | D:2      | Reached skill level 1 in Earth Magic
  2533 | D:2      | Reached skill level 1 in Poison Magic
  2693 | D:3      | Found a hide-covered altar of Uskayaw.
  3093 | D:3      | Reached XP level 5. HP: 43/43 MP: 6/6
  3208 | D:3      | Found a snail-covered altar of Cheibriados.
  3313 | D:3      | Got the Catalogue of Heat and the Snowflakes
  3792 | D:4      | Identified a scroll of acquirement
  3792 | D:4      | Acquired a +2 vorpal hunting sling
  4043 | D:4      | Found a bloodstained altar of Trog.
  4052 | D:4      | Found a basalt altar of Yredelemnul.
  4230 | D:4      | Noticed an ogre
  4238 | D:4      | Killed an ogre
  4239 | D:4      | Reached skill level 5 in Fighting
  4239 | D:4      | Reached skill level 5 in Dodging
  4239 | D:4      | Reached XP level 6. HP: 17/51 MP: 8/8
  4423 | D:4      | Found a staircase to the Ecumenical Temple.
  4434 | Temple   | Entered the Ecumenical Temple
  4571 | D:4      | Learned a level 3 spell: Confusing Touch
  4771 | D:5      | Entered Level 5 of the Dungeon
  4781 | D:5      | Noticed an ice beast
  4793 | D:5      | Killed an ice beast
  4860 | D:5      | Reached XP level 7. HP: 56/56 MP: 10/10
  4865 | D:5      | Noticed Prince Ribbit
  4877 | D:5      | Killed Prince Ribbit
  4943 | D:5      | Reached skill level 9 in Throwing
  5220 | D:5      | Identified the ring "Wumaquhu" {+Blink Str+3 SInv}
  5485 | D:5      | Reached XP level 8. HP: 63/63 MP: 12/12
  6943 | D:6      | Acquired a +0 pair of gloves of archery
  7337 | D:7      | Identified the +1 chain mail of Fashionability {rPois rC+
                  | Regen+ Str+2 Dex-4}
  7669 | D:7      | Reached XP level 9. HP: 69/69 MP: 14/14
  7824 | D:7      | Found a white marble altar of Elyvilon.
  7946 | D:7      | Paralysed by a spriggan for 2 turns
  7953 | D:7      | Paralysed by a spriggan for 3 turns
  7995 | D:7      | Found a hazy altar of Hepliaklqana.
  7996 | D:7      | Found a faded altar of an unknown god.
  8325 | D:8      | Found an ancient bone altar of Kikubaaqudgha.
  8417 | D:8      | Identified the +0 kite shield of Restlessness {Rampage
                  | Int+4 SInv}
  8429 | D:8      | Found an iron altar of Okawaru.
  8436 | D:8      | Became a worshipper of Warmaster Okawaru
  8481 | D:8      | Reached skill level 5 in Stealth
  8513 | D:8      | Found an opulent altar of Gozag.
  8580 | D:8      | Found a flagged portal.
  8591 | Bailey   | Entered a bailey
  8685 | Bailey   | Reached * piety under Okawaru
  8686 | Bailey   | Reached skill level 5 in Invocations
  8996 | Bailey   | Reached XP level 10. HP: 77/77 MP: 17/17
  9600 | D:8      | Identified the +1 robe "Pyriozxu" {rPois Str+3 Stlth+}
  9644 | D:8      | Reached skill level 5 in Short Blades
  9644 | D:8      | Reached skill level 5 in Long Blades
  9644 | D:8      | Reached skill level 5 in Axes
  9644 | D:8      | Reached skill level 5 in Maces & Flails
  9644 | D:8      | Reached skill level 5 in Polearms
  9644 | D:8      | Reached skill level 5 in Staves
  9644 | D:8      | Reached skill level 5 in Slings
  9644 | D:8      | Reached skill level 5 in Bows
  9644 | D:8      | Reached skill level 5 in Crossbows
  9644 | D:8      | Reached skill level 5 in Armour
  9644 | D:8      | Reached skill level 5 in Shields
  9644 | D:8      | Reached skill level 5 in Unarmed Combat
  9644 | D:8      | Reached skill level 5 in Spellcasting
  9644 | D:8      | Reached skill level 5 in Evocations
  9833 | D:8      | Found a shimmering altar of Xom.
  9835 | D:8      | Found a basalt altar of Yredelemnul.
  9835 | D:8      | Found a stormy altar of Qazlal.
  9837 | D:8      | Found a bloodstained altar of Trog.
  9837 | D:8      | Found a bloodstained altar of Trog.
  9837 | D:8      | Found a white marble altar of Elyvilon.
 10125 | D:9      | Found a blossoming altar of Fedhas.
 10160 | D:9      | Reached ** piety under Okawaru
 10161 | D:9      | Reached skill level 10 in Throwing
 10354 | D:9      | Found a transporter.
 10355 | D:9      | Noticed a purple ugly thing
 10355 | D:9      | Noticed a frost giant
 10355 | D:9      | Noticed 2tc's ghost (novice MfGl)
 10356 | D:9      | Found a transporter.
 10356 | D:9      | Noticed a boulder beetle
 10396 | D:9      | Reached *** piety under Okawaru
 10704 | D:9      | Learned a level 2 spell: Blink
 11022 | D:10     | Entered Level 10 of the Dungeon
 11131 | D:10     | Found a runed translucent door.
 11141 | D:10     | Found a runed translucent door.
 11158 | D:10     | Found a runed translucent door.
 11176 | D:10     | Found a runed translucent door.
 11335 | D:10     | Noticed a cacodemon
 11336 | D:10     | Found a burning altar of Makhleb.
 11341 | D:10     | Found a glowing silver altar of Zin.
 11341 | D:10     | Noticed an angel
 11406 | D:10     | Found Oloda's Assorted Antiques.
 12079 | D:11     | Reached XP level 11. HP: 84/84 MP: 19/19
 12192 | D:11     | Identified the +1 ring mail of Amytowelur {Str+3 Int+2}
 12339 | D:11     | Identified the ring of Divine Compulsion {rPois rC+ Str+2
                  | Dex+2}
 12406 | D:11     | Reached skill level 5 in Conjurations
 12406 | D:11     | Reached skill level 5 in Hexes
 12406 | D:11     | Reached skill level 5 in Summonings
 12406 | D:11     | Reached skill level 5 in Necromancy
 12406 | D:11     | Reached skill level 5 in Translocations
 12406 | D:11     | Reached skill level 5 in Transmutations
 12406 | D:11     | Reached skill level 5 in Fire Magic
 12406 | D:11     | Reached skill level 5 in Ice Magic
 12406 | D:11     | Reached skill level 5 in Air Magic
 12406 | D:11     | Reached skill level 5 in Earth Magic
 12406 | D:11     | Reached skill level 5 in Poison Magic
 12521 | D:11     | Received a gift from Okawaru
 12521 | D:11     | Reached **** piety under Okawaru
 12964 | D:11     | Found a radiant altar of Vehumet.
 12972 | D:11     | Noticed a centaur warrior
 12997 | D:11     | Killed a centaur warrior
 13161 | D:11     | Found a staircase to the Lair.
 13182 | D:11     | Received a gift from Okawaru
 13646 | Lair:1   | Entered Level 1 of the Lair of Beasts
 13730 | Lair:1   | HP: 4/86 [poisoned by a cane toad]
 13800 | D:11     | Succumbed to a cane toad's poison

Illustrated notes

Levels and vault maps discovered:
D:1:      dpeg_arrival_erosion, layout_basic
D:2:      layout_rooms, shapermc_ecumenical_altar_starsandcircs, serial_shops,
          nicolae_shop_window_shopping
D:3:      layout_basic, cheibrodos_worm_habitat,
          mainiacjoe_overflow_surrounded_room
D:4:      layout_loops_cross, minitemple, minmay_temple_entry_offerings
D:5:      layout_layer_cave, due_unseen_surprise, uniq_prince_ribbit1
D:6:      lemuel_ice_spiral_2, layout_basic, mrwooster_statue_mirror
D:7:      layout_loops_ring, mainiacjoe_overflow_alcove_2,
          beargit_hepliaklqana_dungeon_heroes, grunt_decor_cap,
          minmay_misc_feat_roman
D:8:      layout_cave_pools, mainiacjoe_overflow_boulevard,
          okawaru_ov_weapons_minmay, doesnt_xom_only_xom,
          nicolae_gozag_seed_capital, enter_bailey_2
D:9:      layout_loops_ring, fedhas_altar_2, gammafunk_ghost_arena
D:10:     layout_gridville, grunt_temple_overflow_order_and_chaos_2,
          serial_shops, shop, minmay_statue_crystal_thing
D:11:     layout_layer_cave, david_lair_shrubbed, vehumet_statue
Temple:   nicolae_temple_figure_zero
Lair:1:   lemuel_slime, layout_big_grid, nicolae_lair_grove_arrangements

Skill      XL: |  1  2  3  4  5  6  7  8  9 10 11 |
---------------+----------------------------------+-----
Invocations    | 1 2 3 4 5 6 7 |  7.1
Short Blades   | 1 2 3 4 5 6 |  6.4
Long Blades    | 1 2 3 4 5 6 |  6.4
Axes           | 1 2 3 4 5 6 |  6.4
Maces & Flails | 1 2 3 4 5 6 |  6.4
Polearms       | 1 2 3 4 5 6 |  6.4
Staves         | 1 2 3 4 5 6 |  6.4
Slings         | 1 2 3 4 5 6 |  6.4
Bows           | 1 2 3 4 5 6 |  6.4
Crossbows      | 1 2 3 4 5 6 |  6.4
Armour         | 1 2 3 4 5 6 |  6.4
Shields        | 1 2 3 4 5 6 |  6.4
Unarmed Combat | 1 2 3 4 5 6 |  6.4
Spellcasting   | 1 2 3 4 5 6 |  6.4
Evocations     | 1 2 3 4 5 6 |  6.4
Conjurations   | 1 2 3 4 5 |  5.3
Hexes          | 1 2 3 4 5 |  5.3
Summonings     | 1 2 3 4 5 |  5.3
Necromancy     | 1 2 3 4 5 |  5.3
Translocations | 1 2 3 4 5 |  5.3
Transmutations | 1 2 3 4 5 |  5.3
Fire Magic     | 1 2 3 4 5 |  5.3
Ice Magic      | 1 2 3 4 5 |  5.3
Air Magic      | 1 2 3 4 5 |  5.3
Earth Magic    | 1 2 3 4 5 |  5.3
Poison Magic   | 1 2 3 4 5 |  5.3
Fighting       | 5 6 7 8 |  8.0
Dodging        | 5 6 7 8 |  8.0
Stealth        | 3 4 5 6 |  6.9
Throwing       | 9 10 | 10.6

Action                   |  1- 3 |  4- 6 |  7- 9 | 10-12 || total
-------------------------+-------+-------+-------+-------++-------
Melee: Short sword       |    25 |       |       |       ||    25
       Bite              |    11 |    18 |    15 |     6 ||    50
       Dagger            |   183 |   148 |    64 |       ||   395
       Punch             |       |       |     2 |       ||     2
       Rapier            |       |       |    18 |       ||    18
       Flail             |       |       |    22 |    65 ||    87
       Trident           |       |       |       |    55 ||    55
 Fire: Hunting sling     |       |    72 |   356 |   289 ||   717
Throw: Stone             |       |    26 |       |       ||    26
       Javelin           |       |       |     4 |       ||     4
Invok: Heroism           |       |       |     3 |     5 ||     8
  Use: Scroll            |       |     4 |     7 |    10 ||    21
       Potion            |       |       |       |     3 ||     3
 Stab: Sleeping          |     4 |     2 |       |       ||     6
Armor: Leather armour    |    52 |    42 |    47 |    24 ||   165
       Chain mail        |       |       |    92 |   123 ||   215
       Ring mail         |       |       |       |    29 ||    29
Dodge: Dodged            |   111 |   105 |   113 |   127 ||   456
Block: Kite shield       |       |       |    70 |   168 ||   238
       Buckler           |       |       |     7 |       ||     7

Table legend: (Time is in decaauts)
 A = Elapsed time spent in this place.
 B = Non-inter-level travel time spent in this place.
 C = Inter-level travel time spent in this place.
 D = Time resting spent in this place.
 E = Time spent auto-exploring this place.
 F = Levels seen in this place.
 G = Mean time per level.
                   A        B        C        D        E       F      G
               +--------+--------+--------+--------+--------+-----+--------+
         Total |  13728 |  12429 |   1299 |    331 |   9533 |  14 |  980.6 |
       Dungeon |  12627 |  11339 |   1288 |    331 |   8926 |  11 | 1147.9 |
        Temple |    123 |    113 |     10 |      0 |    113 |   1 |  123.0 |
          Lair |     57 |     57 |      0 |      0 |      9 |   1 |   57.0 |
        Bailey |    920 |    920 |      0 |      0 |    485 |   1 |  920.0 |
               +--------+--------+--------+--------+--------+-----+--------+

Top non-repeatable levels by time:
    D:11: 1668 daAuts
     D:5: 1513 daAuts
     D:3: 1488 daAuts
     D:2: 1265 daAuts
     D:7: 1204 daAuts
     D:4: 1005 daAuts
    D:10: 995 daAuts
     D:1: 961 daAuts
     D:9: 936 daAuts
     D:8: 924 daAuts
  Bailey: 920 daAuts
     D:6: 663 daAuts
  Temple: 123 daAuts
  Lair:1: 57 daAuts
